 Dungeon Crawl Stone Soup version 0.28-a0-1233-g92def6ad0a (webtiles) character file.

Game seed: 5121304844117035138

147 Lekart the Chopper (level 5, -1/36 HPs)
             Began as a Draconian Chaos Knight on Dec 23, 2021.
             Was a Plaything of Xom.
             Slain by a harpy (shapeshifter) (6 damage)
             ... on level 3 of the Dungeon.
             The game lasted 00:03:52 (4112 turns).

Lekart the Chopper (Draconian Chaos Knight)         Turns: 4112, Time: 00:03:52

Health: -1/36      AC:  6    Str: 15    XL:     5   Next: 8%
Magic:  5/5        EV: 12    Int: 10    God:    Xom [.*....]
Gold:   990        SH:  0    Dex: 12    Spells: 4/4 levels left

rFire   . . .      SeeInvis .   a - +0 hand axe (chaos)
rCold   . . .      Faith    .   (no shield)
rNeg    . . .      Spirit   .   (armour unavailable)
rPois   .          Reflect  .   (helmet restricted)
rElec   .          Harm     .   (no cloak)
rCorr   .          Rampage  .   (no gloves)
Will    .....                   b - +0 pair of boots
Stlth   +.........              (no amulet)
HPRegen 0.12/turn               (no ring)
MPRegen 0.09/turn               (no ring)

@: no status effects
A: AC +5, unfitting armour, cold-blooded, dopey 1, frail 2, screaming 2
a: Renounce Religion


You were on level 3 of the Dungeon.
You worshipped Xom.
You were a plaything of Xom.
You visited 1 branch of the dungeon, and saw 3 of its levels.

You collected 990 gold pieces.

Inventory:

Hand Weapons
 a - a +0 hand axe of chaos (weapon)
Armour
 b - a +0 pair of boots (worn)
Scrolls
 c - a scroll of amnesia {unknown}
Potions
 f - 2 potions of curing


   Skills:
 + Level 4.2 Fighting
 + Level 4.8 Axes
 + Level 2.9 Dodging


You had 4 spell levels left.
You didn't know any spells.
Your spell library contained the following spells:

 Spells                   Type           Power      Damage    Failure   Level
 Beastly Appendage        Tmut           0%         N/A       36%         1
 Wereblood                Tmut           0%         N/A       50%         2
 Spider Form              Tmut/Pois      0%         N/A       75%         3


Dungeon Overview and Level Annotations

Branches:
Dungeon (3/15)

Altars:


Innate Abilities, Weirdness & Mutations

Your plain brown scales are hard. (AC +5)
You cannot fit into any form of body armour.
You are cold-blooded and may be slowed by cold attacks.
You are dopey. (Int -2)
You are very frail. (-20% HP)
You frequently scream uncontrollably at your foes.


Message History

You hit the orc. You tail-slap the orc.
You kill the orc!
Things that are here:
a +0 whip; 2 boomerangs of dispersal; an orc corpse The dart slug misses you.
You hit the dart slug.
The dart slug is poisoned.
The dart slug is lightly wounded.
You barely miss the dart slug. You tail-slap the dart slug.
The dart slug is heavily wounded.
You hear Xom's avuncular chuckle.
The dart slug changes into a shapeshifter!
The shapeshifter changes into a cane toad!
You completely miss the cane toad.
The cane toad is moderately wounded.
The cane toad stings you but does no damage.
You hit the cane toad. You burn the cane toad.
The cane toad is moderately wounded.
The cane toad stings you.
You are poisoned.
The cane toad poisons you!
You feel better.
The cane toad changes into a hornet!
Things that are here:
a +0 whip; 2 boomerangs of dispersal; an orc corpse The hornet stings you!
You feel yourself slow down.
You feel yourself speed up.
The hornet changes into a sky beast!
You see here a ball python corpse.
You hear Xom's avuncular chuckle.
The sky beast changes into a shapeshifter!
The shapeshifter changes into a harpy!
The harpy completely misses you. x2
The harpy claws you but does no damage. The harpy barely misses you.
The harpy screeches!
The harpy claws you! The harpy closely misses you. The harpy claws you!
* * * LOW HITPOINT WARNING * * *
The harpy completely misses you. The harpy claws you.
You die...
Xom is highly amused!

# #. #..........## #. #.#
##.........##
##.##.####..###†.....#
#.....................####
#.........#.###..#.).....#
#.........#.# #.....#>..<.
#.........#.# #.....##....
#........H..####....##....
#........@.#..............
#####.##.<...###..........
#.##.....###.....##...
#<...###...###...†....
#|.#.# ###.###...#....
########..#.#
#..##..<..###
##...........#
##...........
##.......)....##
#####.....#.
#..............# ########


You could see a harpy shaped shifter.

Vanquished Creatures
  4 gnolls
  3 adders (D:2)
  A worm (D:3)
  2 dart slugs
  An orc (D:3)
  7 endoplasms
  4 giant cockroaches
  5 goblins
  10 hobgoblins
  4 jackals (D:2)
  A quokka (D:3)
  6 ball pythons
  8 bats
  3 frilled lizards
  5 kobolds
  6 rats
70 creatures vanquished.

Notes
Turn   | Place    | Note
-------+----------+-------------------------------------------
     0 | D:1      | Lekart the Draconian Chaos Knight began the quest for the
                  | Orb.
     0 | D:1      | Reached XP level 1. HP: 19/19 MP: 1/1
   283 | D:1      | Reached XP level 2. HP: 26/26 MP: 2/2
   819 | D:1      | XOM: divination: detect creatures
   940 | D:1      | XOM: silly message
   951 | D:1      | XOM: divination: magic mapping
   977 | D:1      | XOM: noise
  1057 | D:1      | Reached XP level 3. HP: 20/33 MP: 3/3
  2083 | D:2      | Reached XP level 4. HP: 40/40 MP: 4/4
  2479 | D:2      | Identified a scroll of acquirement
  2479 | D:2      | Acquired 865 gold pieces
  2600 | D:3      | XOM: summons 2 hostile demons
  2737 | D:3      | Found a faded altar of an unknown god.
  2975 | D:3      | XOM: noise
  2978 | D:2      | XOM: butterfly on damage
  2983 | D:2      | XOM: enchant monster (bad)
  2989 | D:2      | HP: 2/40 [gnoll (1)]
  3041 | D:2      | XOM: give mutations
  3041 | D:2      | Gained mutation: You are frail. (-10% HP) [Xom's mischief]
  3041 | D:2      | Gained mutation: You are dopey. (Int -2) [Xom's mischief]
  3097 | D:2      | XOM: summons 1 hostile demon
  3214 | D:1      | XOM: give mutations
  3214 | D:1      | Gained mutation: You occasionally shout uncontrollably at
                  | your foes. [Xom's mischief]
  3214 | D:1      | Gained mutation: You are very frail. (-20% HP) [Xom's
                  | mischief]
  3214 | D:1      | Gained mutation: You frequently scream uncontrollably at
                  | your foes. [Xom's mischief]
  3552 | D:2      | XOM: scenery: summon butterflies
  3718 | D:2      | XOM: divination: detect items
  3932 | D:3      | Reached XP level 5. HP: 19/36 MP: 5/5
  4094 | D:3      | Noticed a shapeshifter
  4094 | D:3      | a dart slug changed into a shapeshifter
  4094 | D:3      | XOM: polymorph dart slug -> shapeshifter
  4094 | D:3      | Noticed a cane toad
  4094 | D:3      | a shapeshifter changed into a cane toad
  4097 | D:3      | Noticed a hornet
  4097 | D:3      | a cane toad changed into a hornet
  4101 | D:3      | Noticed a sky beast
  4101 | D:3      | a hornet changed into a sky beast
  4105 | D:3      | Noticed a shapeshifter
  4105 | D:3      | a sky beast changed into a shapeshifter
  4105 | D:3      | XOM: polymorph sky beast -> shapeshifter
  4105 | D:3      | Noticed a harpy
  4105 | D:3      | a shapeshifter changed into a harpy
  4112 | D:3      | Slain by a harpy (shapeshifter)

Illustrated notes

Levels and vault maps discovered:
D:1:      psy_arrival_radial01, layout_basic
D:2:      layout_loops_cross
D:3:      layout_rooms, hellmonk_ecumenical_altar_zigzags

Skill      XL: |  1  2  3  4 |
---------------+-------------+-----
Axes           | 4 |  4.8
Fighting       | 4 |  4.2
Dodging        | |  2.9

Action                   |  1- 3 |  4- 6 || total
-------------------------+-------+-------++-------
Melee: Hand axe          |   134 |   102 ||   236
       Tailslap          |    13 |    10 ||    23
  Use: Scroll            |       |     5 ||     5
       Potion            |       |     1 ||     1
 Stab: Sleeping          |     3 |     1 ||     4
       Paralysed         |       |     1 ||     1
Armor: Skin              |    45 |    48 ||    93
Dodge: Dodged            |    87 |    81 ||   168

Table legend: (Time is in decaauts)
 A = Elapsed time spent in this place.
 B = Non-inter-level travel time spent in this place.
 C = Inter-level travel time spent in this place.
 D = Time resting spent in this place.
 E = Time spent auto-exploring this place.
 F = Levels seen in this place.
 G = Mean time per level.
                   A        B        C        D        E       F      G
               +--------+--------+--------+--------+--------+-----+--------+
         Total |   4142 |   4014 |    128 |    930 |   2441 |   3 | 1380.7 |
       Dungeon |   4142 |   4014 |    128 |    930 |   2441 |   3 | 1380.7 |
               +--------+--------+--------+--------+--------+-----+--------+

Top non-repeatable levels by time:
     D:2: 1891 daAuts
     D:1: 1624 daAuts
     D:3: 626 daAuts
